 Dungeon Crawl Stone Soup version 0.28.0-49-g6dfe1f597d (webtiles) character file.

Game seed: 1737723161815148227

97 issech the Cudgeller (level 4, -9/45 HPs)
             Began as a Troll Monk on May 11, 2022.
             Mangled by Sigmund
             ... wielding a +0 scythe
              (11 damage)
             ... on level 2 of the Dungeon.
             The game lasted 00:04:42 (1481 turns).

issech the Cudgeller (Troll Monk)                   Turns: 1481, Time: 00:04:43

Health: -9/45      AC:  4    Str: 19    XL:     4   Next: 42%
Magic:  3/3        EV: 10    Int:  6    God:
Gold:   108        SH:  0    Dex: 14    Spells: 3/3 levels left

rFire   . . .      SeeInvis .   l - +0 flail
rCold   . . .      Faith    .   (no shield)
rNeg    . . .      Spirit   .   b - +0 robe
rPois   .          Reflect  .   (helmet restricted)
rElec   .          Harm     .   (no cloak)
rCorr   .          Rampage  .   (gloves unavailable)
Will    .....                   (boots unavailable)
Stlth   +.........              (no amulet)
HPRegen 0.95/turn               (no ring)
MPRegen 0.08/turn               (no ring)

@: confused
A: large, unfitting armour, claws 3, regeneration 1, shaggy fur 1, tough skin 1
a: no special abilities


You were on level 2 of the Dungeon.
You visited 1 branch of the dungeon, and saw 2 of its levels.

You collected 108 gold pieces.

Inventory:

Hand Weapons
 a - a +0 mace
 l - a +0 flail (weapon)
Missiles
 c - 71 arrows
 d - 12 stones (quivered)
 f - 3 atropa-tipped darts
 i - 4 curare-tipped darts
Armour
 b - a +0 robe (worn)
Magical Staves
 h - a staff of cold
Scrolls
 e - a scroll of silence {unknown}
 j - a scroll of identify {unknown}
 k - a scroll of amnesia {unknown}
Potions
 g - 5 potions of curing {unknown}
 m - a potion of degeneration {unknown}


   Skills:
 + Level 3.1 Fighting
 + Level 3.6 Maces & Flails
 + Level 3.0 Dodging
 + Level 1.0 Stealth


You had 3 spell levels left.
You didn't know any spells.
Your spell library contained the following spells:

 Spells                   Type           Power      Damage    Failure   Level
 Blink                    Tloc           0%         N/A       58%         2
 Gell's Gravitas          Tloc           0%         N/A       83%         3
 Lesser Beckoning         Tloc           0%         N/A       83%         3
 Teleport Other           Tloc           0%         N/A       83%         3
 Manifold Assault         Tloc           0%         N/A       100%        5


Dungeon Overview and Level Annotations

Branches:
Dungeon (2/15)

Altars:

Shops:
D:1 ?

Annotations:
D:2 Sigmund


Innate Abilities, Weirdness & Mutations

You are too large for most types of armour.
You have claws for hands.
Your natural rate of healing is unusually fast.
You are covered in fur. (AC +1)
You have tough skin. (AC +1)


Message History

Sigmund is nearby!
You throw a stone. The stone barely misses Sigmund.
You throw a stone. The stone closely misses Sigmund.
You throw a stone.
The stone hits Sigmund but does no damage.
You throw a stone.
The stone hits Sigmund but does no damage.
You throw a stone. The stone barely misses Sigmund.
You throw a stone. The stone barely misses Sigmund.
Sigmund casts a spell.
Sigmund flickers and vanishes!
Deactivating autopickup; reactivate with Ctrl-A.
A puff of flame appears from out of thin air!
The puff of flame misses you.
You hear some strange, mumbled words.
Something tries to affect you, but you resist.
Done exploring.
You hear some strange, mumbled words.
A puff of flame appears from out of thin air!
The puff of flame misses you. Something hits you!
You hit something. You barely miss something. Something hits you!
You sock something! Something hits you!
You hit something. Something hits you!
You closely miss something. Something hits you.
* * * LOW HITPOINT WARNING * * *
A magic dart appears from out of thin air!
The magic dart hits you.
* * * LOW HITPOINT WARNING * * *
You are confused.
You bump into the rock wall.
A puff of flame appears from out of thin air!
The puff of flame hits you.
* * * LOW HITPOINT WARNING * * *
You're too confused to move!
You bump into the rock wall.
Something hits you!
* * * LOW HITPOINT WARNING * * *
You bump into the rock wall.
Something hits you!
You die...

...>...#
#.# #..#
.......#
#.# #..#
.......#
#.# #..#
########
#.# #..#
#.# #..#
#.# #..#
#.# #..#
##.####..#
#.@#....>#
#.##.#####
#.##.#
#....#
######
##########
#........#


There were no monsters in sight!

Vanquished Creatures
  A howler monkey (D:2)
  2 adders (D:2)
  A dart slug (D:1)
  4 endoplasms
  3 giant cockroaches
  5 goblins
  6 hobgoblins
  3 kobolds
  A quokka (D:1)
  6 ball pythons
  2 bats
  A frilled lizard (D:1)
  3 rats
38 creatures vanquished.

Notes
Turn   | Place    | Note
-------+----------+-------------------------------------------
     0 | D:1      | issech the Troll Monk began the quest for the Orb.
     0 | D:1      | Reached XP level 1. HP: 22/22 MP: 0/0
    23 | D:1      | Found Vunalero's Magic Scroll Shoppe.
   153 | D:1      | Reached XP level 2. HP: 28/29 MP: 1/1
   427 | D:1      | Found a faded altar of an unknown god.
   995 | D:2      | Noticed Sigmund
  1077 | D:2      | Noticed a howler monkey
  1083 | D:2      | Reached XP level 3. HP: 36/36 MP: 2/2
  1097 | D:2      | Reached XP level 4. HP: 24/45 MP: 3/3
  1480 | D:2      | HP: 1/45 [something (10)]
  1481 | D:2      | Mangled by Sigmund

Illustrated notes

Levels and vault maps discovered:
D:1:      kennysheep_arrival_forest, layout_basic, serial_shops,
          nicolae_shop_advertising_works [nicolae_subvault_shop_adworks],
          ebering_ecumenical_altar_abandoned, st_stairs_1, minmay_misc_feat_tiny
D:2:      layout_basic, uniq_sigmund

Skill      XL: |  1  2  3 |
---------------+----------+-----
Maces & Flails | 3 |  3.6
Fighting       | 3 |  3.1
Dodging        | 3 |  3.0
Stealth        | |  1.0

Action                   |  1- 3 |  4- 6 || total
-------------------------+-------+-------++-------
Melee: Mace              |    85 |     5 ||    90
       Punch             |     1 |       ||     1
       Flail             |       |    21 ||    21
Throw: Stone             |       |    10 ||    10
 Stab: Sleeping          |       |     1 ||     1
Armor: Robe              |    34 |     5 ||    39
Dodge: Dodged            |    55 |     8 ||    63
